Map: Dusk Towers

Players

Fropez

  • Race: Protoss Protoss
  • League: Silver
  • Spawn Location: 1:00

ZergaToss - Winner!

  • Race: Terran Terran
  • League: Gold
  • Spawn Location: 7:00

VOD

Have the link to the VOD?

Description

Time

  • Played on: June 1, 2016, 3:44 p.m.
  • Length: 16:59
Show
View Real Time Build Order
Export as new Build Order

Fropez Protoss 

Build Orders:  

Get SALT Encoding   

  12  0:01  Probe (Chrono Boost)  
  13  0:14  Pylon  
  13  0:18  Probe (Chrono Boost)  
  14  0:37  Probe (Chrono Boost), Gateway  
  15  0:47  Probe (Chrono Boost)  
  16  0:51  Assimilator  
  16  0:58  Probe (Chrono Boost)  
  17  1:09  Probe (Chrono Boost)  
  18  1:13  Pylon  
  18  1:15  Pylon  
  18  1:19  Probe (Chrono Boost)  
  19  1:30  Probe (Chrono Boost)  
  19  1:31  Assimilator  
  20  1:39  Cybernetics Core  
  20  1:40  Probe (Chrono Boost)  
  21  1:54  Probe (Chrono Boost)  
  22  2:04  Gateway  
  22  2:05  Probe (Chrono Boost)  
  22  2:07  Pylon  
  22  2:17  Mothership Core (Chrono Boost)  
  22  2:19  Stalker  
  26  2:34  Gateway  
  26  2:35  Probe (Chrono Boost)  
  27  2:43  Pylon  
  27  2:52  Stalker  
  29  2:59  Probe (Chrono Boost)  
  30  3:09  Probe (Chrono Boost)  
  31  3:13  Warp Gate (Chrono Boost)  
  31  3:16  Stalker  
  33  3:20  Probe  
  33  3:22  Stalker  
  36  3:33  Probe  
  37  3:35  Pylon  
  37  3:40  Stalker  
  39  3:45  Probe  
  40  3:49  Stalker  
  42  3:56  Pylon  
  40  4:21  Stalker x3  
  40  4:49  Nexus  
  40  4:51  Probe  
  43  5:02  Stalker  
  43  5:05  Probe  
  44  5:16  Gateway  
  44  5:17  Probe, Forge  
  43  5:32  Stalker x2  
  47  5:44  Twilight Council  
  47  5:50  Probe  
  47  5:52  Pylon  
  47  5:56  Protoss Ground Weapons Level 1 (Chrono Boost)  
  48  6:00  Probe  
  48  6:03  Probe  
  50  6:12  Blink (Chrono Boost)  
  50  6:17  Probe x2  
  49  6:22  Pylon  
  49  6:23  Assimilator  
  50  6:29  Probe x2  
  52  6:47  Adept  
  52  6:48  Adept x3  
  60  6:59  Probe  
  60  7:00  Probe  
  62  7:11  Probe  
  62  7:12  Probe  
  60  7:27  Stalker x4  
  68  7:32  Probe  
  68  7:33  Probe  
  70  7:48  Protoss Ground Weapons Level 2 (Chrono Boost)  
  70  7:50  Probe x2  
  72  7:51  Assimilator  
  72  7:56  Stalker x2  
  72  7:57  Stalker x2  
  74  8:34  Stalker x4  
  62  9:09  Stalker x2  
  66  9:10  Stalker x2  
  66  9:17  Gateway  
  64  9:20  Probe x2  
  64  9:22  Gateway  
  64  9:23  Templar Archives  
  64  9:24  Pylon  
  64  9:31  Gateway  
  64  9:32  Probe x2  
  64  9:34  Pylon  
  66  9:39  Stalker  
  66  9:44  Nexus  
  66  9:46  Assimilator  
  66  9:48  Stalker x2  
  66  9:50  Assimilator  
  70  9:53  Pylon  
  70  9:55  Pylon  
  70  10:11  Probe  
  70  10:12  Probe  
  70  10:13  Stalker x4  
  78  10:24  Probe  
  78  10:25  Probe  
  80  10:29  Protoss Ground Weapons Level 3 (Chrono Boost)  
  80  10:38  High Templar x4  
  88  10:47  Stalker x2  
  88  10:48  Stalker  
  94  10:53  Archon x2  
  72  11:31  Stalker x4  
  72  11:32  Stalker x3  
  68  11:51  Probe  
  68  11:52  Probe x2  
  71  12:06  Photon Cannon  
  71  12:09  Probe  
  71  12:10  Probe x2  
  71  12:14  Pylon  
  74  12:16  Adept x3  
  74  12:17  Adept x3  
  74  12:21  Pylon  
  74  12:22  Adept, Probe  
  89  12:23  Photon Cannon  
  89  12:39  Stalker x2  
  89  12:40  Stalker x3  
  89  12:41  Photon Cannon  
  99  12:45  Photon Cannon, Protoss Ground Armor Level 1 (Chrono Boost)  
  79  13:25  High Templar x2  
  79  13:26  High Templar x5  
  87  13:29  Probe x2  
  85  13:45  Archon x3  
  85  13:55  Gateway  
  85  13:58  Gateway  
  85  14:00  Probe  
  85  14:01  Probe x2  
  88  14:03  Dark Shrine  
  88  14:07  Pylon  
  88  14:12  Gateway x2  
  88  14:13  Nexus  
  88  14:17  Assimilator, Stalker x6  
  88  14:21  High Templar, Pylon  
  88  14:22  Assimilator  
  102  14:25  Probe  
  102  14:26  Probe x2  
  105  14:33  Archon  
  105  14:38  Pylon  
  105  14:47  Pylon  
  105  14:52  Pylon  
  91  15:07  Stalker x6  
  91  15:08  Stalker  
  81  15:47  Dark Templar x5  
  81  15:48  Dark Templar x2  
  95  16:10  Pylon, Robotics Facility  
  64  16:35  Dark Templar x5  
Show
View Real Time Build Order
Export as new Build Order

ZergaToss Terran - Winner!

Build Orders: MMM Bio 

Get SALT Encoding   

  12  0:03  SCV  
  13  0:16  SCV  
  13  0:19  Supply Depot  
  14  0:28  SCV  
  15  0:40  SCV  
  16  0:46  Barracks  
  16  0:48  Refinery  
  16  0:53  SCV  
  17  1:05  SCV  
  18  1:13  Supply Depot  
  18  1:17  SCV  
  19  1:29  SCV  
  20  1:39  Reaper  
  21  1:52  Command Center  
  20  2:02  Orbital Command  
  20  2:10  Marine  
  21  2:28  Marine  
  22  2:30  SCV  
  22  2:32  Supply Depot  
  23  2:38  Factory  
  23  2:40  Refinery  
  23  2:42  SCV  
  24  2:49  Barracks  
  24  2:51  Barracks Tech Lab  
  24  2:54  SCV  
  25  3:02  Supply Depot  
  25  3:16  SCV x2, Bunker  
  25  3:17  Marine  
  28  3:28  SCV  
  29  3:35  Marine  
  29  3:40  SCV  
  31  3:41  Factory Tech Lab  
  31  3:43  Supply Depot, Barracks  
  31  3:55  Marine  
  31  3:57  Marauder  
  31  4:01  SCV  
  34  4:29  SCV  
  34  4:35  Siege Tank  
  37  4:44  Barracks Reactor, Barracks Tech Lab  
  37  4:50  Orbital Command  
  37  4:51  Ghost Academy  
  37  4:52  SCV  
  38  5:03  Command Center  
  38  5:07  Supply Depot  
  38  5:08  Siege Tank, SCV  
  42  5:20  Engineering Bay  
  42  5:21  Engineering Bay  
  42  5:25  SCV x2  
  44  5:47  Supply Depot  
  44  5:50  Missile Turret  
  44  5:52  SCV x2  
  46  5:58  Ghost x2  
  46  6:02  Stimpack  
  50  6:05  Combat Shields  
  50  6:13  Starport  
  50  6:34  Ghost  
  50  6:38  SCV x2  
  56  7:01  Marine x2, Marauder  
  56  7:05  Starport Reactor  
  58  7:22  Orbital Command  
  55  7:24  Bunker  
  55  7:27  SCV x2  
  57  7:33  Marauder  
  57  7:34  Marine x2, Marauder  
  63  7:39  SCV  
  63  7:40  SCV  
  63  7:43  Medivac  
  67  7:45  Supply Depot  
  67  7:54  SCV x2  
  67  7:55  SCV  
  70  8:00  Refinery, Missile Turret  
  70  8:03  Refinery  
  70  8:06  SCV x2  
  70  8:11  SCV  
  73  8:18  SCV  
  74  8:22  Bunker  
  74  8:23  Supply Depot  
  74  8:25  Supply Depot  
  53  9:07  Marine x2, Marauder x2  
  55  9:10  Siege Tank  
  54  9:24  Marine  
  54  9:25  Marine  
  54  9:28  Marauder  
  58  9:40  Medivac  
  58  9:42  Siege Tank  
  58  9:44  Refinery  
  63  9:46  Refinery  
  63  9:52  SCV x3  
  66  10:04  SCV  
  67  10:08  Marine x2, Marauder x2  
  71  10:27  Missile Turret  
  71  11:01  Marine, Marauder  
  71  11:02  Marine, Marauder  
  77  11:06  SCV x3  
  73  11:19  Marine  
  63  11:29  Marine, Marauder x2  
  60  11:37  Marine  
  56  11:47  Marine  
  56  11:51  SCV x3, Marauder x2  
  64  11:58  Barracks  
  64  12:00  Barracks  
  64  12:01  Barracks x2  
  64  12:03  SCV x3  
  67  12:09  Medivac x2  
  67  12:12  Marauder  
  67  12:14  Marine x2, Marauder  
  67  12:15  SCV x2  
  78  12:16  SCV  
  80  12:27  SCV  
  80  12:28  SCV x2  
  81  12:31  Barracks  
  81  12:32  Marine x2, Barracks  
  81  12:33  Marauder, Barracks  
  81  12:35  Marauder, Terran Infantry Weapons Level 1, Terran Infantry Armor Level 1  
  87  12:39  SCV  
  87  12:40  SCV x2  
  90  12:47  Barracks Tech Lab x2  
  90  12:49  Barracks Tech Lab x2  
  90  12:51  SCV  
  90  12:52  SCV  
  90  12:55  Supply Depot, Marauder  
  90  12:56  Supply Depot  
  90  12:57  Marauder  
  90  12:58  Supply Depot  
  92  13:08  SCV  
  92  13:09  SCV x2  
  89  13:16  Marauder  
  90  13:20  SCV  
  90  13:21  Marine x4, SCV x2, Marauder x3  
  90  13:22  Marine x3  
  90  13:25  Medivac  
  90  13:26  Medivac  
  104  13:32  SCV  
  104  13:33  SCV x2  
  105  13:37  Marine  
  105  13:39  Marine x2  
  108  13:44  SCV, Barracks Tech Lab  
  108  13:45  Barracks Reactor x2, SCV x2  
  111  13:55  Medivac  
  111  13:56  Supply Depot, Medivac  
  111  13:57  SCV x3, Supply Depot  
  111  13:58  Marauder x2  
  111  13:59  Marine x4, Marauder x2  
  130  14:09  SCV x3  
  133  14:16  Marine, Supply Depot  
  134  14:21  SCV x3  
  137  14:25  Medivac  
  137  14:26  Medivac  
  141  14:33  SCV x2  
  141  14:37  Command Center  
  143  14:55  Medivac  
  143  14:56  Medivac  
  126  15:15  Marine x2, Marauder x2  
  126  15:16  Marine x2, Marauder  
  126  15:17  Marine x4, Marauder x2  
  144  15:33  Marine x2  
  145  15:38  Marine x2, Marauder x2  
  145  15:39  Marine x5, Marauder  
  145  15:40  Marauder  
  160  15:51  Marine x2  
  162  15:57  Marauder  
  162  16:01  Armory  
  162  16:03  Medivac x2  
  168  16:05  Marine x4, Marauder x3  
  168  16:06  Marine x2  
  180  16:29  Marine  
  177  16:40  Missile Turret  
  177  16:42  Missile Turret  
  177  16:43  Missile Turret  
Tags
 
Composition
MMM Bio
Matchup
PvT
Replay Pack
All Mines
Spawn Locations
Cross Positions
Add a new tag
Caveats
  • Supply blocks, unpowered buildings, or Contaminate may cause inaccurate times.
  • Supply counts are checked every 10 seconds.